 Dungeon Crawl Stone Soup version 0.22-a0-580-gd5db89c (webtiles) character file.

21756 Mamutox the Covert (level 12, -16/60 HPs)
             Began as a Spriggan Enchanter on July 3, 2018.
             Was an Initiate of Gozag.
             Demolished by an orc warrior
             ... wielding a +0 glaive
              (25 damage)
             ... on level 2 of the Orcish Mines.
             The game lasted 01:37:02 (19735 turns).

Mamutox the Covert (Spriggan Enchanter)            Turns: 19735, Time: 01:37:03

Health: -16/60     AC:  6    Str:  4    XL:     12   Next: 57%
Magic:  0/27       EV: 26    Int: 21    God:    Gozag
Gold:   2946       SH:  0    Dex: 17    Spells: 22/32 levels left

rFire    . . .     SeeInvis +   C - +4 Vampire's Tooth {vamp}
rCold    . . .     Gourm    .   (shield restricted)
rNeg     + . .     Faith    .   y - +1 robe {rN+}
rPois    .         Spirit   +   c - +2 hat
rElec    .         Reflect  .   W - +0 cloak
rCorr    .         Harm     .   (gloves unavailable)
MR       +++..                  (boots unavailable)
Stlth    +++++.....             M - amulet of guardian spirit
HPRegen  0.20/turn              s - ring of flight
MPRegen  0.20/turn              t - ring of protection from magic

@: very quick
A: very small, unfitting armour, see invisible, herbivore, speed 3, slow
metabolism 2
a: Potion Petition, Call Merchant, Bribe Branch, Renounce Religion, Evoke Flight


You were on level 2 of the Orcish Mines.
You worshipped Gozag.
Gozag was most pleased with you.
You were not hungry.

You visited 3 branches of the dungeon, and saw 14 of its levels.

You collected 4389 gold pieces.
You spent 1415 gold pieces at shops.
You paid 28 gold pieces to Gozag.

Inventory:

Hand Weapons
 a - a +0 blowgun
 f - a +2 dagger of venom
 r - a +0 rapier
 C - the +4 Vampire's Tooth (weapon) {vamp}
   (You found it on level 4 of the Dungeon)

   It inflicts no extra harm, but heals its wielder when it wounds a living foe.
Missiles
 b - 10 tomahawks of returning (quivered)
 v - 35 poisoned needles
 F - 18 tomahawks
 S - 7 curare-tipped needles
 T - 3 poisoned tomahawks
 X - 3 steel tomahawks
Armour
 c - a +2 hat (worn)
 y - a +1 robe of positive energy (worn)
 W - a +0 cloak (worn)
Magical Staves
 G - an uncursed staff of poison
 P - an uncursed staff of fire
Jewellery
 s - a ring of flight (left hand)
 t - a ring of protection from magic (right hand)
 M - an amulet of guardian spirit (around neck)
Wands
 q - a wand of polymorph (12)
 u - a wand of random effects (27)
 H - a wand of flame (18)
 I - a wand of digging (17)
 K - a wand of acid (10)
 R - a wand of paralysis (10)
 V - a wand of enslavement (5)
Scrolls
 g - 3 scrolls of blinking
 h - a scroll of enchant weapon {unknown}
 i - 4 scrolls of remove curse
 n - a scroll of identify
 o - 3 scrolls of fear {unknown}
 A - a scroll of noise {unknown}
 D - 3 scrolls of magic mapping
 E - 5 scrolls of teleportation
 J - 2 scrolls of amnesia
 O - 4 scrolls of enchant armour
 Q - 2 scrolls of fog {unknown}
 U - 2 scrolls of brand weapon
 Y - a scroll of torment
Potions
 e - 8 potions of curing
 j - 4 potions of brilliance
 k - a potion of agility
 l - a potion of flight
 m - 3 potions of ambrosia
 p - 3 potions of might
 w - 4 potions of cancellation
 x - 2 potions of magic
 z - a potion of haste
 B - 3 potions of heal wounds
 L - a potion of invisibility
Miscellaneous
 N - a phantom mirror
Comestibles
 d - 22 rations


   Skills:
 - Level 5.9 Fighting
 + Level 9.2 Short Blades
 - Level 10.6 Dodging
 + Level 12.2 Stealth
 + Level 10.9 Spellcasting
 + Level 3.5 Conjurations
 + Level 11.2 Hexes
 - Level 1.0 Ice Magic
 + Level 8.1 Evocations


You had 22 spell levels left.
You knew the following spells:

 Your Spells              Type           Power        Failure   Level  Hunger
a - Corona                Hex            ######.      1%          1    None
b - Beastly Appendage     Tmut           ##....       6%          1    None
c - Confuse               Hex            ######..     1%          3    None
v - Dazzling Spray        Conj/Hex       #####.       1%          3    None
x - Ensorcelled Hibernat  Hex/Ice        #####.       1%          2    None

Your spell library contained the following spells:

 Spells                   Type           Power        Failure   Level  Hunger
 Tukima's Dance           Hex            ######..     1%          3    None


Dungeon Overview and Level Annotations

Branches:
Dungeon (11/15)            Temple (1/1) D:4            Lair (0/6) D:10
    Orc (2/2) D:10            Elf (0/3) Orc:2

Altars:
Ashenzari
Cheibriados
Dithmenos
Elyvilon
Fedhas
Gozag
Hepliaklqana
Kikubaaqudgha
Makhleb
Nemelex Xobeh
Okawaru
Qazlal
Ru
Sif Muna
Trog
Uskayaw
Vehumet
Wu Jian
Xom
Yredelemnul
Zin
The Shining One
Beogh

Shops:
D:6 *   D:8 *   Orc:1 :   Orc:2 ?

Annotations:
D:9 2 transporters


Innate Abilities, Weirdness & Mutations

You are very small and have problems with some larger weapons.
You are too small for most types of armour.
You have supernaturally acute eyesight. (SInv)
You are a herbivore.
You cover ground extremely quickly.
You need to consume almost no food.


Message History

The orc warrior is severely wounded.
You hit the orc warrior but do no damage.
The orc warrior is severely wounded.
The orc warrior hits you with a glaive!
* * * LOW HITPOINT WARNING * * *
You hit the orc warrior.
The orc warrior is severely wounded.
The orc warrior hits you from afar with a glaive!
* * * LOW HITPOINT WARNING * * *
You see here a leather armour.
Casting: Ensorcelled Hibernation (safe; 1% risk of failure)
Confirm with . or Enter, or press ? or * to list all spells.
Aiming: Ensorcelled Hibernation (safe; 1% risk of failure)
Press: ? - help, Shift-Dir - straight line, f/p - orc warrior
Aim: an orc warrior, wielding a glaive and wearing a plate armour (severely wounded, chance to defeat MR: 65%)
The orc warrior looks drowsy...
The orc warrior shouts!
You hear a shout!
The orc warrior hits you with a glaive!!
You die...
Your body crumbles into a pile of gold.

..####..o#
##o.).....## ..# #...#
##.).#....## .## .#.#
##....#...## ## ..o
##.....#!∩## # ..
##..#.....# ##
##.....#.∩## .##
##$...#...## ..##
##o..#....## ...##
##@....)[.## ....##
##...###).## .....##
##...###.)## ......##
#...###).## .......##
#.#)###[)##
........###...###).##
$ .........###.###.)##
.
.......)).#####..###..
...........###..###...


You could see an orc warrior.

Vanquished Creatures
  Erolcha (D:10)
  5 two-headed ogres
  Erica (Orc:2)
  The ghost of kirsanium the Fighter, a novice GnWn of Cheibriados (D:8)
  An unseen horror (D:11)
  An orc knight (Orc:2)
  A centaur zombie (D:10)
  Maurice (D:10)
  A gargoyle (D:11)
  An orange demon (Orc:2)
  A hellwing (Orc:2)
  3 trolls
  A hornet (D:8)
  A hippogriff (D:9)
  The ghost of epen the Slasher, an amateur HaAK of Lugonu (D:4)
  Sigmund (D:3)
  A spriggan (D:7)
  A wyvern (D:10)
  A wraith (D:7)
  10 yaks
  Grum (D:10)
  A chaos spawn (Orc:2)
  A neqoxec (Orc:2)
  3 wargs
  A soldier ant (D:11)
  29 orc warriors
  A porcupine (D:10)
  2 phantoms
  3 black bears
  3 ice beasts
  11 ogres
  A hornet zombie (D:8)
  A necrophage (D:9)
  2 sky beasts (D:8)
  4 centaurs
  4 wolves
  A crocodile (D:10)
  2 wyvern zombies
  2 big kobolds (D:11)
  6 bullfrogs
  A gnoll sergeant (D:3)
  5 scorpions
  11 killer bees
  2 vampire bats (D:4)
  6 howler monkeys
  6 crimson imps
  2 centaur skeletons
  7 hounds
  2 bullfrog skeletons
  3 gnoll shamans (D:3)
  23 orc priests
  4 iguanas
  20 orc wizards
  10 worker ants
  2 worker ant zombies
  33 gnolls
  20 adders
  2 shadow imps
  An ooze (D:3)
  2 adder skeletons
  2 worms
  A leopard gecko (D:3)
  106 orcs
  19 bats
  4 giant cockroaches
  8 goblins
  8 hobgoblins
  27 jackals
  3 quokkas
  6 ball pythons
  5 frilled lizards
  21 kobolds
  A leopard gecko skeleton (D:5)
  A quokka skeleton (D:4)
  6 rats
494 creatures vanquished.

Vanquished Creatures (others)
  An orc (D:4)
  17 fungi (D:10)
  7 plants (D:10)
25 creatures vanquished.

Grand Total: 519 creatures vanquished

Notes
Turn   | Place    | Note
-------+----------+-------------------------------------------
     0 | D:1      | Mamutox the Spriggan Enchanter began the quest for the Orb.
     0 | D:1      | Reached XP level 1. HP: 9/9 MP: 5/5
   418 | D:1      | Reached XP level 2. HP: 13/13 MP: 4/6
   422 | D:1      | Learned a level 2 spell: Ensorcelled Hibernation
  1084 | D:2      | Reached XP level 3. HP: 16/16 MP: 8/8
  1091 | D:2      | Reached skill level 5 in Stealth
  1240 | D:2      | Reached XP level 4. HP: 16/21 MP: 0/10
  1496 | D:2      | Found a burning altar of Makhleb.
  1502 | D:2      | Found an ancient bone altar of Kikubaaqudgha.
  1514 | D:2      | Found an opulent altar of Gozag.
  1522 | D:2      | Became a worshipper of Gozag Ym Sagoz the Greedy
  1702 | D:2      | Learned a level 3 spell: Confuse
  1706 | D:2      | Learned a level 3 spell: Dazzling Spray
  2451 | D:2      | Reached skill level 1 in Ice Magic
  2599 | D:2      | Reached skill level 5 in Hexes
  2781 | D:3      | Reached XP level 5. HP: 24/24 MP: 9/12
  3150 | D:3      | Noticed Sigmund
  3157 | D:3      | Killed Sigmund
  3157 | D:3      | Reached skill level 6 in Stealth
  3157 | D:3      | Reached skill level 1 in Conjurations
  3157 | D:3      | Reached XP level 6. HP: 29/29 MP: 13/13
  3669 | D:3      | Reached skill level 1 in Fighting
  3868 | D:3      | Reached XP level 7. HP: 21/33 MP: 6/15
  3997 | D:3      | Reached skill level 5 in Spellcasting
  4214 | D:3      | Reached skill level 7 in Stealth
  5019 | D:3      | Reached skill level 5 in Dodging
  5027 | D:3      | Reached skill level 1 in Evocations
  5937 | D:4      | Reached XP level 8. HP: 33/37 MP: 3/17
  6141 | D:4      | Found a staircase to the Ecumenical Temple.
  6148 | Temple   | Entered the Ecumenical Temple
  6424 | D:4      | Found a runed door.
  6430 | D:4      | Noticed epen's ghost (amateur HaAK)
  6478 | D:4      | Killed epen's ghost
  6770 | D:4      | Found the +4 Vampire's Tooth {vamp}
  7232 | D:5      | Entered Level 5 of the Dungeon
  8003 | D:5      | Reached XP level 9. HP: 41/41 MP: 6/20
  8288 | D:6      | Reached skill level 5 in Short Blades
  8302 | D:6      | Reached skill level 5 in Evocations
  8814 | D:6      | Found a shimmering altar of Xom.
  8815 | D:6      | Found a hazy altar of Hepliaklqana.
  8815 | D:6      | Noticed an unseen horror
  8816 | D:6      | Noticed an unseen horror
  8816 | D:6      | Noticed a spectral ugly thing
  8862 | D:6      | Found Hownoatwo's Assorted Antiques.
  8876 | D:6      | Bought a cyan potion for 27 gold pieces
  8876 | D:6      | Bought a sapphire potion for 27 gold pieces
  8876 | D:6      | Bought a sapphire potion for 27 gold pieces
  8891 | D:6      | Bought a gold wand for 120 gold pieces
  9194 | D:6      | Found a glowing silver altar of Zin.
  9969 | D:7      | Noticed a troll
  9985 | D:7      | Killed a troll
 10058 | D:7      | Noticed a troll
 10065 | D:7      | Killed a troll
 10065 | D:7      | Reached skill level 8 in Stealth
 10348 | D:7      | Reached XP level 10. HP: 38/45 MP: 18/23
 10822 | D:8      | Found Xaoteoh's General Store.
 10826 | D:8      | Bought a scroll of identify for 24 gold pieces
 10826 | D:8      | Bought a ration for 60 gold pieces
 10826 | D:8      | Bought a ration for 60 gold pieces
 11657 | D:8      | Found a deep blue altar of Sif Muna.
 11674 | D:8      | Identified Sif Muna's Guide on Transmigration
 11907 | D:8      | Reached skill level 9 in Stealth
 11950 | D:8      | Found a runed gate.
 11950 | D:8      | Noticed kirsanium's ghost (novice GnWn)
 11951 | D:8      | Found a runed gate.
 11952 | D:8      | Found a runed gate.
 11970 | D:8      | Found a roughly hewn altar of Beogh.
 13083 | D:8      | Killed kirsanium's ghost
 13146 | D:9      | Found a transporter.
 13162 | D:9      | Noticed an orc sorcerer
 13162 | D:9      | Noticed an orc high priest
 13174 | D:9      | Found a transporter.
 13280 | D:9      | Noticed a two-headed ogre
 13310 | D:9      | Found a stormy altar of Qazlal.
 13328 | D:9      | Killed a two-headed ogre
 13487 | D:9      | Noticed a two-headed ogre
 13514 | D:9      | Killed a two-headed ogre
 13514 | D:9      | Reached XP level 11. HP: 34/51 MP: 9/25
 13808 | D:9      | Reached skill level 10 in Stealth
 14294 | D:10     | Entered Level 10 of the Dungeon
 14306 | D:10     | Noticed a two-headed ogre
 14529 | D:10     | Killed a two-headed ogre
 14843 | D:10     | Noticed Erolcha
 15045 | D:11     | Reached skill level 10 in Hexes
 15312 | D:11     | Noticed an unseen horror
 15329 | D:11     | Killed an unseen horror
 15437 | D:11     | Noticed a two-headed ogre
 15448 | D:11     | Killed a two-headed ogre
 15654 | D:11     | Noticed a two-headed ogre
 15665 | D:11     | Killed a two-headed ogre
 15958 | D:11     | Reached skill level 11 in Stealth
 15958 | D:11     | Reached skill level 10 in Spellcasting
 16535 | D:10     | Reached skill level 10 in Dodging
 16787 | D:10     | Killed Erolcha
 16787 | D:10     | Reached skill level 5 in Fighting
 16787 | D:10     | Reached XP level 12. HP: 48/60 MP: 13/27
 17099 | D:10     | Noticed Grum
 17133 | D:10     | Killed Grum
 17362 | D:10     | Found a staircase to the Orcish Mines.
 17592 | D:10     | Found a staircase to the Lair.
 17777 | D:10     | Learned a level 1 spell: Beastly Appendage
 17783 | Orc:1    | Entered Level 1 of the Orcish Mines
 17783 | Orc:1    | Found Kuagent's Book Boutique.
 17795 | Orc:1    | Noticed Maurice
 17972 | D:10     | Killed Maurice
 18305 | Orc:1    | Found a roughly hewn altar of Beogh.
 18426 | Orc:2    | Entered Level 2 of the Orcish Mines
 18505 | Orc:2    | Found a staircase to the Elven Halls.
 18507 | Orc:2    | Noticed Erica
 18532 | Orc:2    | Killed Erica
 18787 | Orc:2    | Found Luylacs's Magic Scroll Emporium.
 19086 | Orc:2    | Found Nouzanut's Food Shoppe.
 19164 | Orc:2    | Reached skill level 12 in Stealth
 19552 | Orc:2    | Bought a ration for 70 gold pieces
 19552 | Orc:2    | Bought a ration for 70 gold pieces
 19552 | Orc:2    | Bought a ration for 70 gold pieces
 19552 | Orc:2    | Bought a ration for 70 gold pieces
 19552 | Orc:2    | Bought a ration for 70 gold pieces
 19552 | Orc:2    | Bought a ration for 70 gold pieces
 19552 | Orc:2    | Bought a ration for 70 gold pieces
 19552 | Orc:2    | Bought a ration for 70 gold pieces
 19552 | Orc:2    | Bought a ration for 70 gold pieces
 19552 | Orc:2    | Bought a ration for 70 gold pieces
 19552 | Orc:2    | Bought a ration for 70 gold pieces
 19552 | Orc:2    | Bought a ration for 70 gold pieces
 19556 | Orc:2    | Bought a scroll of amnesia for 38 gold pieces
 19556 | Orc:2    | Bought a scroll of torment for 82 gold pieces
 19556 | Orc:2    | Bought a scroll of identify for 22 gold pieces
 19561 | Orc:2    | Bought a scroll of identify for 22 gold pieces
 19561 | Orc:2    | Bought a scroll of identify for 22 gold pieces
 19561 | Orc:2    | Bought a scroll of identify for 22 gold pieces
 19561 | Orc:2    | Bought a scroll of identify for 22 gold pieces
 19735 | Orc:2    | Demolished by an orc warrior

Vault maps used:
D:1:      minmay_arrival_wavy_path
D:2:      minmay_overflow_temple_star_quad
D:3:      lemuel_castle_with_subvaults, first_ration, uniq_sigmund
D:4:      cheibrodos_old_hovel, temple_green, ebering_ghost_sewer_d,
          minmay_guarded_unrand_vampires_tooth
D:6:      old_standard_altar, regret_index_temple_of_mockery, serial_shops,
          kennysheep_little_box
D:7:      minmay_blocky_corners, the_bakery, kennysheep_potato
D:8:      special_room, biasface_ghost_orc_armoury, serial_shops, shop,
          palyth_stone_intersect, led_sif_book
D:9:      gammafunk_wand_slinger, nicolae_qazlal_general_emergency
D:10:     grunt_lair_entry_orc_guard_hut, david_orc_2, uniq_erolcha, uniq_grum
Temple:   minmay_temple_bridge_d
Orc:1:    serial_shops, shop, minmay_orc_temple_a, uniq_urug, uniq_maurice,
          uniq_erica, uniq_snorg
Orc:2:    pf_orc_diabolical

Skill      XL: |  1  2  3  4  5  6  7  8  9 10 11 12 |
---------------+-------------------------------------+-----
Hexes          | 4 5 6 7 8 9 10 11 | 11.2
Spellcasting   | 3 4 5 6 8 9 10 | 10.9
Stealth        | 5 6 7 8 9 11 12 | 12.2
Ice Magic      | 1 |  1.0
Conjurations   | 1 2 3 |  3.5
Fighting       | 1 2 5 |  5.9
Short Blades   | 2 3 4 6 7 8 9 |  9.2
Dodging        | 4 5 7 8 10 | 10.6
Evocations     | 2 4 6 7 8 |  8.1

Action                   |  1- 3 |  4- 6 |  7- 9 | 10-12 || total
-------------------------+-------+-------+-------+-------++-------
Melee: Dagger            |    97 |   101 |   289 |   625 ||  1112
 Cast: Corona            |     6 |       |       |       ||     6
       Ensorcelled Hiber |    19 |    44 |   122 |   198 ||   383
       Confuse           |       |    10 |    28 |    52 ||    90
       Dazzling Spray    |       |     3 |    12 |    58 ||    73
       Beastly Appendage |       |       |       |     1 ||     1
 Abil: Evoke Flight      |       |       |       |     1 ||     1
  Use: Scroll            |       |     1 |     8 |    10 ||    19
       Potion            |       |       |       |     1 ||     1
 Stab: Sleeping          |    21 |    24 |    87 |   128 ||   260
       Confused          |       |     5 |    20 |    38 ||    63
       Invisible         |       |     1 |     1 |    19 ||    21
       Distracted        |       |       |     3 |     3 ||     6
  Eat: Ration            |       |     2 |     4 |     7 ||    13
Armor: Robe              |    21 |     6 |    15 |    17 ||    59
Dodge: Dodged            |   103 |    99 |   155 |   369 ||   726

Table legend:
 A = Spawn XP
 B = Non-spawn XP
 C = Spawn XP percentage of total XP
 D = Spawn monster count
 E = Non-spawn monster count
 F = Spawn count percentage of total count
 G = Total turns spent on level
                    A         B        C        D         E        F      G
               +---------+---------+-------+---------+---------+-------+---------
         Total |       0 |   31081 |   0.0 |       0 |     495 |   0.0 | 19735
               +---------+---------+-------+---------+---------+-------+---------
           D:1 |       0 |      40 |   0.0 |       0 |      24 |   0.0 |  1419
           D:2 |       0 |     155 |   0.0 |       0 |      32 |   0.0 |  1299
           D:3 |       0 |    1000 |   0.0 |       0 |      73 |   0.0 |  2877
           D:4 |       0 |    1121 |   0.0 |       0 |      44 |   0.0 |  1700
           D:5 |       0 |     661 |   0.0 |       0 |      27 |   0.0 |   736
           D:6 |       0 |    1092 |   0.0 |       0 |      27 |   0.0 |  1335
           D:7 |       0 |    1724 |   0.0 |       0 |      16 |   0.0 |  1079
           D:8 |       0 |    3454 |   0.0 |       0 |      55 |   0.0 |  2428
           D:9 |       0 |    2923 |   0.0 |       0 |      22 |   0.0 |  1346
          D:10 |       0 |    6966 |   0.0 |       0 |      57 |   0.0 |  2106
          D:11 |       0 |    6095 |   0.0 |       0 |      52 |   0.0 |  1528
         Orc:1 |       0 |     591 |   0.0 |       0 |      14 |   0.0 |   337
         Orc:2 |       0 |    5259 |   0.0 |       0 |      52 |   0.0 |  1309
               +---------+---------+-------+---------+---------+-------+---------
